 Dungeon Crawl Stone Soup version 0.28.0 (webtiles) character file.

Game seed: 8087718440744329440

438 browni3141 the Skirmisher (level 6, -5/85 HPs)
             Began as a Minotaur Fighter on Feb 18, 2022.
             Slain by a gnoll (10 damage)
             ... on level 4 of the Dungeon.
             The game lasted 00:02:02 (3186 turns).

browni3141 the Skirmisher (Minotaur Fighter)        Turns: 3186, Time: 00:02:03

Health: -5/85      AC:  7    Str: 23    XL:     6   Next: 69%
Magic:  5/5        EV:  9    Int: 11    God:
Gold:   144        SH:  4    Dex:  9    Spells: 5/5 levels left

rFire   . . .      SeeInvis .   a - +0 war axe
rCold   . . .      Faith    .   i - +0 buckler
rNeg    . . .      Spirit   .   b - +0 scale mail
rPois   .          Reflect  .   (helmet restricted)
rElec   .          Harm     .   (no cloak)
rCorr   .          Rampage  .   (no gloves)
Will    .....                   (no boots)
Stlth   ..........              (no amulet)
HPRegen 0.24/turn               I - +6 ring of intelligence
MPRegen 0.09/turn               (no ring)

@: brilliant, berserking, lethally poisoned (-5 -> -11), lit by a corona,
glowing, very quick
A: horns 2, retaliatory headbutt
a: no special abilities


You were on level 4 of the Dungeon.
You visited 1 branch of the dungeon, and saw 4 of its levels.

You collected 144 gold pieces.


Innate Abilities, Weirdness & Mutations

You have a pair of horns on your head.
You reflexively headbutt those who attack you in melee.


   Skills:
 * Level 5.9 Fighting
 * Level 5.3 Axes
 + Level 4.9 Armour
 + Level 4.8 Shields
 * Level 1.0 Evocations


You had 5 spell levels left.
You didn't know any spells.
Your spell library contained the following spells:

 Spells                   Type           Power      Damage    Failure   Level
 Animate Skeleton         Necr           0%         N/A       73%         1
 Magic Dart               Conj           0%         1d3       73%         1
 Pain                     Necr           0%         1d4       73%         1
 Searing Ray              Conj           0%         2d4       86%         2
 Tukima's Dance           Hex            0%         N/A       97%         3
 Vampiric Draining        Necr           0%         2d6       97%         3
 Anguish                  Hex/Necr       0%         N/A       100%        4
 Fulminant Prism          Conj/Hex       0%         3d6       100%        4
 Enfeeble                 Hex            0%         N/A       100%        7

Inventory:

Hand Weapons
 a - a +0 war axe (weapon)
Armour
 b - a +0 scale mail (worn)
 i - a +0 buckler (worn)
Jewellery
 c - a ring of ice
 C - a ring of ice
 F - a ring of fire
 I - a +6 ring of intelligence (left hand)
Wands
 n - a wand of mindburst (10)
Scrolls
 e - 2 scrolls of fog {unknown}
 f - 6 scrolls of identify {unknown}
 h - 2 scrolls of noise {unknown}
 j - 2 scrolls of immolation {unknown}
 l - a scroll of enchant weapon {unknown}
 m - a scroll of enchant armour {unknown}
 p - a scroll of teleportation {unknown}
 s - 3 scrolls of blinking {unknown}
Potions
 d - a potion of might
 k - a potion of lignification {unknown}
 o - a potion of curing {@q1}
 r - a potion of attraction {unknown}

Dungeon Overview and Level Annotations

Branches:
Dungeon (4/15)
 Temple: D:4-7

Altars:

Shops:
D:2 ! ¦¦¦ ¦¦¦¦¦¦¦¦¦

.. ¦....g..¦¦¦¦
¦¦¦¦¦.
¦.¦¦.)......
¦...¦.¦¦.¦¦@¦
¦.¦.......)g..¦
........¦)¦¦¦¦
..¦.¦¦..¦...
.......)¦¦¦¦¦
¦.¦..¦¦.¦ ¦
¦¦.¦¦.¦


¦¦¦¦¦¦¦ ¦.¦¦.¦¦.¦ ¦.....¦ ¦...†...¦ ¦.....¦ You could see 2 gnolls.


Message History

The gnoll shaman hits you with a +1 whip of venom.
* * * LOW HITPOINT WARNING * * *
You are lethally poisoned!
The gnoll hits you from afar with a +0 spear.
* * * LOW HITPOINT WARNING * * *
The gnoll closely misses you.
It was a potion of brilliance.
You feel clever all of a sudden.
* * * LOW HITPOINT WARNING * * *
You feel very sick.
The gnoll shaman calls upon its god to speed up the gnoll.
The gnoll seems to speed up.
The gnoll hits you from afar with a +0 spear.
* * * LOW HITPOINT WARNING * * *
The gnoll barely misses you.
It was a potion of berserk rage.
A red film seems to cover your vision as you go berserk!
You feel yourself moving faster!
You feel mighty!
* * * LOW HITPOINT WARNING * * *
You feel sick.
The gnoll hits you from afar with a +0 halberd.
* * * LOW HITPOINT WARNING * * *
You block the gnoll shaman's attack. The gnoll barely misses you.
You are too berserk!
You slash the gnoll shaman!
You kill the gnoll shaman!
* * * LOW HITPOINT WARNING * * *
You feel sick.
The gnoll hits you from afar with a +0 halberd!
You die...

Skill      XL: |  1  2  3  4  5  6 |
---------------+-------------------+-----
Fighting       | 4 5 |  5.9
Axes           | 3 4 5 |  5.3
Armour         | 4 |  4.9
Shields        | 4 |  4.8
Evocations     | 1 |  1.0

Action                   |  1- 3 |  4- 6 || total
-------------------------+-------+-------++-------
Melee: War axe           |    77 |   104 ||   181
       Headbutt          |    10 |    19 ||    29
Evoke: Wand              |       |     2 ||     2
  Use: Potion            |       |     3 ||     3
Armor: Scale mail        |    38 |    43 ||    81
Dodge: Dodged            |    38 |    58 ||    96
Block: Buckler           |    10 |    34 ||    44

Levels and vault maps discovered:
D:1:      minmay_arrival_glassed_features, layout_basic,
          shapermc_ecumenical_altar_starsandcircs
D:2:      layout_loops_corners, serial_shops,
          nicolae_shop_temple_entry_statues_fountains
D:3:      layout_rooms, minmay_splitting_lines, uniq_jessica, uniq_ijyb
D:4:      layout_loops_cross, uniq_edmund

Notes
Turn   | Place    | Note
-------+----------+-------------------------------------------
     0 | D:1      | browni3141 the Minotaur Fighter began the quest for the
                  | Orb.
     0 | D:1      | Reached XP level 1. HP: 19/19 MP: 0/0
   234 | D:1      | Reached XP level 2. HP: 23/27 MP: 1/1
   415 | D:1      | Reached skill level 4 in Fighting
   417 | D:1      | Reached skill level 3 in Axes
   489 | D:1      | Found a faded altar of an unknown god.
   989 | D:2      | Reached XP level 3. HP: 33/33 MP: 2/2
  1045 | D:2      | Reached skill level 4 in Armour
  1233 | D:2      | Found Awaidd's Distillery.
  1238 | D:2      | Reached skill level 4 in Shields
  1577 | D:2      | Reached XP level 4. HP: 39/41 MP: 3/3
  1957 | D:3      | Noticed Ijyb
  1967 | D:3      | Killed Ijyb
  1968 | D:3      | Reached skill level 4 in Axes
  2440 | D:3      | Reached XP level 5. HP: 47/47 MP: 4/4
  2450 | D:3      | Reached skill level 5 in Fighting
  2457 | D:3      | Noticed Jessica
  2460 | D:3      | Killed Jessica
  2771 | D:4      | Noticed Edmund
  2779 | D:4      | Killed Edmund
  2780 | D:4      | Reached XP level 6. HP: 55/56 MP: 5/5
  2941 | D:4      | Reached skill level 5 in Axes
  3171 | D:4      | Reached skill level 1 in Evocations
  3185 | D:4      | HP: 7/85 [poisoned by a gnoll shaman]
  3186 | D:4      | Slain by a gnoll

Vanquished Creatures
  Edmund (D:4)
  An ogre (D:4)
  A gnoll shaman (D:4)
  Jessica (D:3)
  Ijyb (D:3)
  A hound skeleton (D:4)
  3 gnolls (D:4)
  5 adders
  An adder skeleton (D:2)
  2 worms
  A dart slug (D:2)
  2 orcs
  9 ball pythons
  5 bats
  8 endoplasms
  5 giant cockroaches
  5 goblins
  6 hobgoblins
  11 jackals
  A quokka (D:4)
  7 frilled lizards
  5 kobolds
  10 rats
92 creatures vanquished.

Table legend: (Time is in decaauts)
 A = Elapsed time spent in this place.
 B = Non-inter-level travel time spent in this place.
 C = Inter-level travel time spent in this place.
 D = Time resting spent in this place.
 E = Time spent auto-exploring this place.
 F = Levels seen in this place.
 G = Mean time per level.
                   A        B        C        D        E       F      G
               +--------+--------+--------+--------+--------+-----+--------+
         Total |   3248 |   3207 |     41 |      0 |   2606 |   4 |  812.0 |
       Dungeon |   3248 |   3207 |     41 |      0 |   2606 |   4 |  812.0 |
               +--------+--------+--------+--------+--------+-----+--------+

Top non-repeatable levels by time:
     D:2: 1112 daAuts
     D:1: 797 daAuts
     D:3: 701 daAuts
     D:4: 636 daAuts

Table legend:
 A = Non-vault XP
 B = Vault XP
 C = Vault XP percentage of total XP
 D = Non-vault monster count
 E = Vault monster count
 F = Vault count percentage of total count
                 A         B        C        D         E       F
            +---------+---------+-------+---------+---------+-------
      Total |     432 |     235 |  35.2 |      89 |       3 |   3.3
            +---------+---------+-------+---------+---------+-------
        D:1 |      32 |       0 |   0.0 |      19 |       0 |   0.0
        D:2 |      77 |       0 |   0.0 |      29 |       0 |   0.0
        D:3 |      61 |      73 |  54.5 |      22 |       2 |   8.3
        D:4 |     262 |     162 |  38.2 |      19 |       1 |   5.0
            +---------+---------+-------+---------+---------+-------
